 Dungeon Crawl Stone Soup version 0.30.0-29-ga12c61a403 (webtiles) character file.

Game seed: 7691560920366222271

301 seaoflcl the Chopper (level 6, -22/55 HPs)
             Began as a Minotaur Berserker on June 4, 2023.
             Was a Priest of Trog.
             Annihilated by an ogre
             ... wielding a +0 giant spiked club
              (27 damage)
             ... on level 4 of the Dungeon.
             The game lasted 00:04:43 (2617 turns).

seaoflcl the Chopper (Minotaur Berserker)           Turns: 2617, Time: 00:04:45

Health: -22/55     AC:  8    Str: 29    XL:     6   Next: 14%
Magic:  5/5        EV: 11    Int:  4    God:    Trog [***...]
Gold:   234        SH:  0    Dex: 10    Spells: 5/5 levels left

rFire   . . .        a - +0 hand axe
rCold   . . .        (no shield)
rNeg    . . .        r - +0 scale mail
rPois   .            (helmet restricted)
rElec   .            (no cloak)
rCorr   .            (no gloves)
SInv    .            o - +0 pair of boots
Will    .....        (no amulet) Stlth
                     n - +6 ring of strength
HPRegen 0.29/turn    (no ring)
MPRegen 0.09/turn

%: no passive effects
@: no status effects
A: horns 2, retaliatory headbutt
a: Renounce Religion, Berserk, Trog's Hand


You were on level 4 of the Dungeon.
You worshipped Trog.
Trog was most pleased with you.
You visited 1 branch of the dungeon, and saw 4 of its levels.

You collected 234 gold pieces.

Inventory:

Hand Weapons
 a - a +0 hand axe (weapon)
Missiles
 t - 10 poisoned darts (quivered)
Armour
 b - a +0 animal skin
 o - a +0 pair of boots (worn)
 r - a +0 scale mail (worn)
Magical Staves
 p - a staff of death
Jewellery
 h - a ring of flight
 n - a +6 ring of strength (left hand)
Scrolls
 d - 2 scrolls of fear {unknown}
 f - 4 scrolls of identify {unknown}
 i - a scroll of magic mapping {unknown}
 j - a scroll of fog {unknown}
 q - 2 scrolls of teleportation {unknown}
 s - a scroll of amnesia {unknown}
 v - a scroll of enchant armour {unknown}
Potions
 c - a potion of invisibility {unknown}
 e - a potion of mutation {unknown}
 g - a potion of brilliance
 k - a potion of cancellation
 l - a potion of curing {unknown}
 m - a potion of heal wounds {unknown}
 u - a potion of might {unknown}


   Skills:
 + Level 4.8 Fighting
 + Level 6.0 Axes
 + Level 3.8 Armour
 + Level 3.6 Dodging
 + Level 0.8 Stealth


You had 5 spell levels left.
You didn't know any spells.
Your spell library was empty.

Dungeon Overview and Level Annotations

Branches:
Dungeon (4/15)
 Temple: D:4-7

Altars:
Elyvilon
Makhleb
Uskayaw

Annotations:
D:4 Menkaure


Innate Abilities, Weirdness & Mutations

You have a pair of horns on your head.
You reflexively headbutt those who attack you in melee.


Message History

Menkaure mumbles some strange words.
Menkaure seems to speed up.
An ogre comes into view. It is wielding a +0 giant spiked club.
The kobold closely misses you.
You hit the kobold but do no damage. You hit Menkaure.
Menkaure calls on the powers of darkness!
The ogre convulses!
The kobold convulses!
Your body is wracked with pain!
The kobold hits you but does no damage.
You closely miss Menkaure.
Menkaure is lightly damaged.
You hit the kobold but do no damage. Menkaure misses you.
You furiously retaliate!
You headbutt Menkaure! The kobold hits you with a +0 dagger.
You hit the kobold.
The kobold is severely wounded.
You hit Menkaure. Menkaure hits you!
* * * LOW HITPOINT WARNING * * *
The kobold hits you with a +0 dagger.
* * * LOW HITPOINT WARNING * * *
You hit Menkaure but do no damage. You punch Menkaure, but do no damage.
Menkaure is almost destroyed.
You hit the kobold.
You kill the kobold!
Trog accepts your kill.
Menkaure calls on the powers of darkness!
Your body is wracked with pain!
* * * LOW HITPOINT WARNING * * *
The ogre convulses!
Menkaure barely misses you.
It was a potion of brilliance.
You feel clever all of a sudden. Menkaure casts a spell at you.
Pain shoots through your body!
* * * LOW HITPOINT WARNING * * *
It was a potion of cancellation.
Your magical effects are unravelling.
You feel magically purged.
You feel a little less clever now. Menkaure hits you but does no damage.
The ogre hits you with a +0 giant spiked club!!
You die...

........#....#...........#
........#....#...........#
#......#....#...........#
#......#.<..#...^.......#
#......#....'...........#
#......##...#...........#
#......##...#......######
######'##...#......#
...##......M@...+......#
...........O....#......#
................#......#
................#......#
................#......#
...##......##...#......# #
## #########...#......# #
...#......# # ..#......# #


You could see an ogre and Menkaure (fast).

Vanquished Creatures
  A scorpion (D:4)
  A jelly (D:4)
  A sleepcap (D:4)
  2 orc wizards
  6 adders
  A worm (D:4)
  A dart slug (D:1)
  11 orcs
  5 ball pythons
  7 bats
  6 endoplasms
  A giant cockroach (D:2)
  6 goblins
  3 hobgoblins
  2 jackals (D:2)
  4 quokkas
  2 frilled lizards
  4 kobolds
  6 rats
70 creatures vanquished.

Notes
Turn   | Place    | Note
-------+----------+-------------------------------------------
     0 | D:1      | seaoflcl the Minotaur Berserker began the quest for the
                  | Orb.
     0 | D:1      | Reached XP level 1. HP: 19/19 MP: 0/0
   127 | D:1      | Reached skill level 4 in Axes
   145 | D:1      | Reached XP level 2. HP: 27/27 MP: 1/1
   863 | D:2      | Found a hide-covered altar of Uskayaw.
   877 | D:2      | Reached ** piety under Trog
   911 | D:2      | Reached XP level 3. HP: 33/33 MP: 2/2
  1193 | D:2      | Reached XP level 4. HP: 35/40 MP: 3/3
  1602 | D:3      | Reached skill level 5 in Axes
  1779 | D:3      | Found a faded altar of an unknown god.
  1879 | D:3      | Found a white marble altar of Elyvilon.
  1949 | D:3      | Found a burning altar of Makhleb.
  2248 | D:4      | Reached XP level 5. HP: 44/47 MP: 4/4
  2503 | D:4      | Reached skill level 6 in Axes
  2503 | D:4      | Reached XP level 6. HP: 42/55 MP: 5/5
  2601 | D:4      | Noticed Menkaure
  2615 | D:4      | Reached *** piety under Trog
  2617 | D:4      | Annihilated by an ogre

Illustrated notes

Levels and vault maps discovered:
D:1:      dpeg_arrival_arbitrary_c, layout_loops_cross
D:2:      layout_loops_cross, basic_altar
D:3:      layout_basic, lemuel_round_altar, mainiacjoe_overflow_alcove_1,
          basic_ecumenical_altar, kennysheep_flooded_box
D:4:      layout_gridville, overflow_temple_1_default, uniq_menkaure

Skill      XL: |  1  2  3  4  5 |
---------------+----------------+-----
Axes           | 4 5 6 |  6.0
Fighting       | 4 |  4.8
Dodging        | 3 |  3.6
Armour         | 3 |  3.8
Stealth        | |  0.8

Action                     |  1- 3 |  4- 6 || total
---------------------------+-------+-------++-------
  Melee: Hand axe          |    79 |    78 ||   157
         Headbutt          |     7 |    15 ||    22
         Punch             |       |     1 ||     1
 Invoke: Berserk           |       |     1 ||     1
    Use: Potion            |       |     2 ||     2
   Stab: Sleeping          |     1 |       ||     1
 Armour: Animal skin       |     4 |       ||     4
         Leather armour    |    18 |     4 ||    22
         Scale mail        |       |    30 ||    30
  Dodge: Dodged            |    48 |    50 ||    98
